 Dungeon Crawl Stone Soup version 0.27-a0-887-gcab673c (webtiles) character file.

Game seed: 2554230098205335857

39 Nithhogg the Skirmisher (level 3, 0/33 HPs)
             Began as a Minotaur Fighter on Apr 4, 2021.
             Slain by a scorpion (8 damage)
             ... on level 2 of the Dungeon.
             The game lasted 00:01:31 (1427 turns).

Nithhogg the Skirmisher (Minotaur Fighter)          Turns: 1427, Time: 00:01:32

Health: 0/33       AC:  7    Str: 21    XL:     3   Next: 26%
Magic:  2/2        EV: 10    Int:  5    God:
Gold:   9          SH:  0    Dex:  9    Spells: 2/2 levels left

rFire    . . .     SeeInvis .   a - +0 long sword
rCold    . . .     Faith    .   (no shield)
rNeg     . . .     Spirit   .   b - +0 scale mail
rPois    .         Reflect  .   (helmet restricted)
rElec    .         Harm     .   (no cloak)
rCorr    .         Rampage  .   (no gloves)
Will     .....                  (no boots)
Stlth    ..........             (no amulet)
HPRegen  0.11/turn              (no ring)
MPRegen  0.08/turn              (no ring)

@: no status effects
A: horns 2, retaliatory headbutt
a: no special abilities


You were on level 2 of the Dungeon.
You visited 1 branch of the dungeon, and saw 2 of its levels.

You collected 9 gold pieces.

Inventory:

Hand Weapons
 a - a +0 long sword (weapon)
Armour
 b - a +0 scale mail (worn)
 c - a +0 kite shield
Scrolls
 f - 3 scrolls of teleportation {unknown}
 g - 2 scrolls of identify {unknown}
 i - a scroll of magic mapping {unknown}
 j - 2 scrolls of amnesia {unknown}
Potions
 d - a potion of might
 e - 2 potions of mutation {unknown}
 h - a potion of cancellation {unknown}


   Skills:
 + Level 4.0 Fighting
 * Level 3.4 Long Blades
 + Level 4.0 Armour
 + Level 1.2 Dodging
 - Level 3.6 Shields


You had 2 spell levels left.
You didn't know any spells.
Your spell library was empty.

Dungeon Overview and Level Annotations

Branches:
Dungeon (2/15)

Altars:


Innate Abilities, Weirdness & Mutations

You have a pair of horns on your head.
You reflexively headbutt those who attack you in melee.


Message History

No target in view!
An adder is nearby!
Unknown command.
An adder is nearby!
The adder hisses angrily.
You see here a jackal corpse.
A scorpion comes into view.
The scorpion stings you. The adder barely misses you.
Found a leather armour.
You hit the scorpion but do no damage. The adder bites you.
The scorpion stings you but does no damage.
You closely miss the scorpion. The adder bites you.
The scorpion barely misses you. The adder barely misses you.
The scorpion closely misses you.
You hit the scorpion. You headbutt the scorpion.
The scorpion is severely wounded.
The adder closely misses you. The scorpion stings you!
You are too injured to fight recklessly!
You are too injured to fight recklessly!
You are too injured to fight recklessly!
You are too injured to fight recklessly!
You are too injured to fight recklessly!
You are too injured to fight recklessly!
There are monsters nearby!
The adder barely misses you. You furiously retaliate!
You headbutt the adder! The scorpion closely misses you.
You furiously retaliate!
You headbutt the scorpion, but do no damage.
You see here a jackal corpse.
You see here a jackal corpse.
The adder bites you but does no damage.
You see here a ball python corpse.
The scorpion closely misses you. The adder bites you but does no damage.
You barely miss the scorpion.
You headbutt the scorpion, but do no damage.
The scorpion is heavily wounded.
The scorpion stings you.
* * * LOW HITPOINT WARNING * * *
The scorpion stings you!
You die...

.[.. # #.#.. # #.#.#.#.
#.#.# .. ......## ##.#.##
.#.#.#.#.. .....#
........# .....#
#.#[#.#..###.####....####
.................†.......
#.#.#...########..#####.
.........†††.Ss@.........
....###$.)....###..#####.
### #.#####.# #..# #.#
#.###..# #.# #...#..# #.#
###.#..#
#.#######.#..#####
#....(.............
#######.########.


You could see a scorpion and an adder.

Vanquished Creatures
  A worm (D:2)
  7 endoplasms
  2 goblins (D:1)
  4 hobgoblins
  6 jackals
  3 kobolds (D:2)
  4 ball pythons
  2 frilled lizards (D:1)
  4 rats (D:1)
33 creatures vanquished.

Notes
Turn   | Place    | Note
-------+----------+-------------------------------------------
     0 | D:1      | Nithhogg the Minotaur Fighter began the quest for the Orb.
     0 | D:1      | Reached XP level 1. HP: 19/19 MP: 0/0
   407 | D:1      | Reached XP level 2. HP: 26/27 MP: 1/1
   904 | D:1      | Reached skill level 1 in Dodging
  1338 | D:2      | Reached XP level 3. HP: 33/33 MP: 2/2
  1414 | D:2      | Noticed a scorpion
  1427 | D:2      | Slain by a scorpion

Illustrated notes

Levels and vault maps discovered:
D:1:      dpeg_arrival_signposts, layout_basic, minmay_pentomino_z4
D:2:      layout_loops_ring, hex_medium, st_stairs_1

Skill      XL: |  1  2  3 |
---------------+----------+-----
Long Blades    | 3 |  3.4
Dodging        | 1 |  1.2
Fighting       | 4 |  4.0
Armour         | 4 |  4.0
Shields        | |  3.6

Action                   || total
-------------------------++-------
Melee: Long sword        ||    64
       Headbutt          ||     8
Armor: Scale mail        ||    25
Dodge: Dodged            ||    39
       Rpst.: Long sword ||     7

Table legend: (Time is in decaauts)
 A = Elapsed time spent in this place.
 B = Non-inter-level travel time spent in this place.
 C = Inter-level travel time spent in this place.
 D = Time resting spent in this place.
 E = Time spent auto-exploring this place.
 F = Levels seen in this place.
 G = Mean time per level.
                   A        B        C        D        E       F      G
               +--------+--------+--------+--------+--------+-----+--------+
         Total |   1442 |   1403 |     39 |      0 |   1226 |   2 |  721.0 |
       Dungeon |   1442 |   1403 |     39 |      0 |   1226 |   2 |  721.0 |
               +--------+--------+--------+--------+--------+-----+--------+

Top non-repeatable levels by time:
     D:1: 1268 daAuts
     D:2: 174 daAuts
